Map: Overgrowth LE (Void)

Players

Musumeci - Winner!

  • Race: Zerg Zerg
  • League: Diamond
  • Spawn Location: 1:00

MDMouse

  • Race: Terran Terran
  • Spawn Location: 7:00

VOD

Have the link to the VOD?

Description

Time

  • Played on: Jan. 10, 2017, 8:32 a.m.
  • Length: 13:01
Show
View Real Time Build Order
Export as new Build Order

Musumeci Zerg - Winner!

Build Orders: Hatch First 

Get SALT Encoding   

  12  0:00  Drone  
  13  0:09  Drone  
  14  0:17  Drone, Extractor  
  15  0:40  Hatchery  
  14  0:47  Drone, Extractor  
  15  1:03  Spawning Pool  
  14  1:15  Extractor  
  14  1:16  Drone  
  14  1:17  Extractor  
  14  1:18  Drone  
  14  1:20  Overlord  
  16  1:42  Drone x2  
  18  1:49  Queen  
  18  1:51  Queen  
  22  1:59  Drone  
  22  2:00  Drone  
  24  2:07  Drone, Overlord  
  25  2:10  Drone  
  26  2:26  Drone x3  
  26  2:27  Queen  
  31  2:40  Extractor  
  31  2:43  Queen  
  33  2:50  Drone, Overlord  
  34  2:52  Overlord  
  34  3:00  Drone  
  34  3:01  Drone  
  36  3:11  Drone x5  
  36  3:12  Drone  
  42  3:14  Extractor  
  42  3:15  Extractor  
  40  3:20  Roach Warren  
  39  3:39  Drone x8  
  47  3:48  Drone x2  
  49  3:52  Hatchery  
  48  4:08  Roach x2  
  52  4:13  Overlord  
  52  4:14  Evolution Chamber  
  52  4:16  Evolution Chamber  
  50  4:18  Roach  
  52  4:31  Roach  
  52  4:32  Roach x2  
  58  4:40  Lair  
  58  4:41  Drone  
  58  4:42  Drone  
  58  4:45  Drone, Extractor  
  60  4:55  Overlord  
  60  4:57  Overlord  
  60  5:15  Ravager  
  59  5:25  Ravager  
  59  5:37  Spore Crawler  
  59  5:40  Drone x2  
  59  5:41  Drone x2  
  62  5:42  Overlord  
  62  5:51  Zerg Ground Armor Level 1, Zerg Missile Weapons Level 1  
  62  5:52  Glial Reconstitution  
  62  5:54  Drone  
  62  5:55  Drone x10  
  73  6:12  Drone x3  
  73  6:15  Spore Crawler  
  73  6:16  Drone x2, Extractor  
  73  6:17  Drone, Spore Crawler  
  76  6:18  Spore Crawler  
  76  6:20  Roach  
  77  6:29  Extractor  
  77  6:30  Drone x4  
  77  6:31  Drone, Extractor  
  80  6:34  Drone  
  80  6:35  Drone x2  
  83  6:45  Overlord x2  
  83  6:46  Overlord  
  83  7:04  Roach x10  
  83  7:05  Roach  
  105  7:28  Drone  
  106  7:35  Overlord x5  
  106  7:56  Hatchery, Drone x2  
  106  7:58  Extractor, Ravager x9  
  115  7:59  Roach x6  
  115  8:00  Roach x7  
  141  8:47  Roach x2  
  145  8:48  Overlord  
  145  8:49  Overlord x4  
  145  8:56  Drone  
  145  9:01  Zerg Missile Weapons Level 2, Zerg Ground Armor Level 2  
  146  9:06  Queen  
  146  9:07  Infestation Pit  
  147  9:28  Drone x5  
  147  9:30  Overlord x2  
  152  9:31  Drone  
  152  9:32  Drone x5  
  152  9:37  Ravager x8  
  152  9:38  Ravager x3  
  169  9:53  Extractor  
  169  9:55  Roach x6  
  180  10:02  Roach x5  
  180  10:03  Roach x5  
  196  10:14  Drone x3  
  172  11:14  Ravager x7  
  172  11:15  Ravager x15  
  172  11:17  Roach x3  
  200  11:37  Roach  
  200  11:39  Zergling x2  
  200  11:52  Spine Crawler, Drone  
  200  11:53  Spine Crawler  
  199  11:54  Spine Crawler  
  199  11:56  Spine Crawler  
  199  11:57  Spine Crawler  
  198  12:01  Roach x2  
  163  12:33  Roach x12  
  163  12:34  Roach x11  
  191  12:58  Ravager x9  
Show
View Real Time Build Order
Export as new Build Order

MDMouse Terran 

Build Orders: Reaper Expand, Bio Tank 

Get SALT Encoding   

  12  0:00  SCV  
  13  0:13  SCV  
  14  0:18  Supply Depot  
  14  0:25  SCV  
  15  0:39  SCV  
  15  0:41  Barracks  
  16  0:46  Refinery  
  16  0:51  SCV  
  17  1:03  SCV  
  18  1:16  SCV  
  19  1:31  Orbital Command, Reaper  
  20  1:48  Command Center  
  20  1:58  SCV  
  21  2:05  Marine  
  22  2:13  Factory  
  22  2:14  SCV  
  23  2:28  Bunker  
  23  2:36  Marine  
  23  2:49  Refinery  
  23  3:04  Starport, Supply Depot  
  23  3:08  Widow Mine, SCV, Marine  
  23  3:12  Orbital Command  
  27  3:21  SCV  
  28  3:30  Barracks  
  28  3:31  Supply Depot  
  28  3:33  SCV  
  29  3:35  Marine  
  29  3:36  Widow Mine  
  29  3:41  SCV  
  33  3:55  Medivac  
  35  3:56  Marine  
  35  3:57  SCV  
  35  3:58  SCV  
  38  4:03  Barracks  
  38  4:06  Factory Tech Lab  
  38  4:09  SCV  
  39  4:13  SCV  
  40  4:18  Barracks Tech Lab  
  40  4:22  SCV  
  41  4:31  Barracks Reactor  
  41  4:34  Starport Reactor  
  41  4:35  Siege Tank  
  41  4:37  SCV x2  
  46  4:48  Marine, Supply Depot  
  46  4:49  SCV  
  48  4:54  SCV  
  48  4:56  Barracks Reactor  
  49  5:01  SCV  
  49  5:02  Supply Depot  
  50  5:07  SCV, Stimpack  
  50  5:13  SCV  
  51  5:17  Marine x2  
  51  5:18  Marine  
  51  5:19  Siege Tank  
  55  5:28  SCV x2  
  55  5:32  Refinery  
  55  5:34  Marine  
  55  5:35  Marine  
  55  5:40  Medivac  
  54  5:44  Marauder, SCV  
  54  5:48  SCV, Command Center, Engineering Bay  
  58  5:50  Refinery, Barracks  
  58  5:55  Marine x2  
  58  5:56  SCV  
  61  5:58  Siege Tank  
  61  6:01  Marine  
  61  6:02  Marine  
  66  6:04  Marine  
  66  6:07  SCV  
  66  6:11  SCV, Supply Depot  
  69  6:19  Marine  
  70  6:28  Supply Depot  
  70  6:29  Supply Depot  
  70  6:32  Marine x3, Medivac  
  77  6:33  Marauder  
  77  6:36  Marine  
  77  6:39  Barracks Tech Lab  
  78  6:43  Supply Depot  
  78  6:45  Missile Turret  
  78  6:48  Missile Turret  
  78  6:50  SCV, Marine, Siege Tank  
  83  6:58  Supply Depot  
  83  6:59  Marauder  
  85  7:01  Medivac  
  85  7:02  Supply Depot  
  85  7:04  SCV  
  85  7:05  SCV  
  89  7:13  Medivac  
  89  7:14  Terran Infantry Weapons Level 1  
  90  7:28  Siege Tank  
  84  7:33  Marauder  
  84  7:34  Marauder  
  88  7:48  Marine, Medivac  
  88  7:49  Marine x3  
  94  7:55  Marauder x2  
  94  7:58  Planetary Fortress  
  98  8:00  SCV x2  
  100  8:06  Marine x2  
  100  8:07  Marine  
  100  8:10  Siege Tank  
  100  8:12  SCV x2  
  108  8:16  Marauder x2  
  108  8:17  Missile Turret  
  103  8:24  SCV  
  104  8:30  Marine x2, Medivac x2  
  110  8:38  Marauder x2  
  114  8:46  Refinery x2  
  114  8:49  Siege Tank  
  114  8:52  Engineering Bay  
  114  8:55  Armory, Supply Depot  
  117  8:59  Marauder  
  117  9:02  Supply Depot  
  119  9:03  Command Center  
  119  9:05  Supply Depot  
  119  9:06  Combat Shields  
  119  9:07  Concussive Shells  
  119  9:08  Marauder  
  117  9:22  Medivac  
  117  9:23  Marine x4, Medivac  
  117  9:24  Marine  
  126  9:33  Siege Tank  
  126  9:34  Marine  
  130  9:41  Marine x2  
  132  9:51  Marauder, Marine x2  
  138  9:53  Marauder  
  138  9:54  Missile Turret  
  138  9:59  Marine  
  139  10:02  Medivac  
  139  10:03  Marine, Medivac  
  139  10:05  Terran Infantry Armor Level 1  
  144  10:09  Marine  
  144  10:12  Terran Vehicle Weapons Level 1  
  145  10:17  Supply Depot  
  145  10:18  Supply Depot  
  145  10:20  Siege Tank  
  127  10:22  Marauder x2  
  127  10:26  SCV  
  132  10:32  Supply Depot  
  132  10:34  Supply Depot  
  132  10:35  Medivac  
  122  10:44  Marauder x2, Terran Infantry Weapons Level 2  
  122  10:46  SCV x2  
  122  10:47  SCV  
  127  10:50  Refinery  
  120  11:18  Planetary Fortress  
  120  11:19  Refinery  
  120  11:21  Siege Tank  
  120  11:22  Marauder x2  
  120  11:23  Medivac  
  120  11:25  Medivac  
  131  11:26  SCV x2  
  131  11:27  SCV  
  131  11:31  Refinery  
  134  11:37  Supply Depot  
  134  11:40  SCV  
  134  11:41  SCV  
  134  11:42  SCV  
  134  11:46  Marauder, Marine x2  
  141  11:52  SCV  
  142  11:57  Marine x2  
  141  12:04  Marine x2  
  141  12:05  Marauder  
  141  12:08  Marauder  
  144  12:14  Marine x2  
  143  12:15  SCV  
  143  12:16  SCV x2  
  143  12:22  Marine  
  120  12:25  Marine x2  
  120  12:28  Marine  
  83  12:32  Marine  
  59  12:40  Marine  
Tags
 
Add a new tag
Caveats
  • Supply blocks, unpowered buildings, or Contaminate may cause inaccurate times.
  • Supply counts are checked every 10 seconds.